AoeStats
← APs | Power to the People

Coastal Forest

510858840Analyzed
4v4 RM · 10h ago on Oct 2, 2026· 20m 55s· 8 players
Game mode
Random Map
Map size
Large (8 player)
Population
200
Speed
Normal
Resources
Standard
Victory
Conquest
Starting age
Dark Age
Ending age
Imperial Age
RankedLock teamsTeams togetherTeam positionsShared explorationLock speedFull tech treeHidden civsTurbo modeCheats
Victory
Defeat
🇦🇷 Saxons · Argentina
1478
+12
🇦🇷 Koreans · Argentina
1410
+14
🇦🇷 Mapuche · Argentina
1405
+15
🇦🇷 Portuguese · Argentina
1253
+20
🇺🇸 Vikings · United States
1414
-17
🇨🇱 Dravidians · Chile
1391
-16
🇩🇪 Saracens · Germany
1350
-14
🇺🇾 Aztecs · Uruguay
1338
-14
APs | fleita
5:40 Loom
9:54 Feudal Age
10:47 Double-Bit Axe
15:46 Fletching
kizan
7:21 Loom
10:47 Feudal Age
11:16 Double-Bit Axe
11:14 Horse Collar
15:42 Scale Barding Armor
17:45 Forging
19:43 Gold Mining
20:16 Bloodlines
APs | Power to the People
12:07 Feudal Age
15:52 Castle Age
14:49 Scale Mail Armor
14:46 Loom
17:06 Double-Bit Axe
18:08 Forging
19:58 Chain Mail Armor
APs | PrimoMcFly
8:47 Loom
10:33 Feudal Age
15:10 Castle Age
13:21 Double-Bit Axe
16:40 Fletching
OfFspRlNg
9:33 Feudal Age
8:06 Loom
11:46 Double-Bit Axe
12:10 Horse Collar
19:53 Castle Age
19:57 Fletching
19:59 Gold Mining
20:02 Crossbowman
WallyGoodberg
7:11 Loom
9:20 Feudal Age
10:01 Double-Bit Axe
10:24 Horse Collar
18:45 Gold Mining
21:22 Castle Age
20:13 Bloodlines
20:16 Forging
PMA
4:56 Loom
12:45 Feudal Age
16:32 Castle Age
15:06 Double-Bit Axe
18:34 Medium Warships
PESCADO
3:34 Loom
12:35 Feudal Age
16:48 Double-Bit Axe
21:31 Castle Age
Connection lost

Rejoining the realm…

Still unreachable

The connection could not be restored.

Session expired

The server has moved on; the page needs a fresh start.